 Dungeon Crawl Stone Soup version 0.28.0-53-g5a82cb258f (webtiles) character file.

Game seed: 1415259577722068765

6 Sanktem7 the Sneak (level 1, -3/9 HPs)
             Began as a Spriggan Enchanter on June 2, 2022.
             Slain by a quokka (4 damage)
             ... on level 1 of the Dungeon.
             The game lasted 00:01:40 (393 turns).

Sanktem7 the Sneak (Spriggan Enchanter)              Turns: 393, Time: 00:01:41

Health: -3/9       AC:  2    Str:  4    XL:     1   Next: 75%
Magic:  5/5        EV: 17    Int: 16    God:
Gold:   0          SH:  0    Dex: 15    Spells: 5/5 levels left

rFire   . . .      SeeInvis +   a - +1 dagger {short}
rCold   . . .      Faith    .   (no shield)
rNeg    . . .      Spirit   .   b - +0 robe
rPois   .          Reflect  .   (helmet restricted)
rElec   .          Harm     .   (no cloak)
rCorr   .          Rampage  .   (gloves unavailable)
Will    .....                   (boots unavailable)
Stlth   +++.......              (no amulet)
HPRegen 0.03/turn               (no ring)
MPRegen 0.09/turn               (no ring)

@: very quick
A: very small, no large weapons, unfitting armour, see invisible, speed 3
a: no special abilities


You were on level 1 of the Dungeon.
You visited 1 branch of the dungeon, and saw 1 of its levels.


Innate Abilities, Weirdness & Mutations

You are very small and have problems with some larger weapons.
You are too small for most types of armour.
You have supernaturally acute eyesight. (SInv)
You cover ground extremely quickly. (Speed+++)


   Skills:
 + Level 1.2 Short Blades
 + Level 2.8 Dodging
 * Level 4.6 Stealth
 * Level 2.9 Spellcasting
 + Level 3.7 Hexes


You had 5 spell levels left.
You didn't know any spells.
Your spell library contained the following spells:

 Spells                   Type           Power      Damage    Failure   Level
 Confusing Touch          Hex            14%        N/A       12%         3
 Tukima's Dance           Hex            14%        N/A       12%         3
 Ensorcelled Hibernation  Hex/Ice        16%        N/A       13%         2
 Dazzling Flash           Conj/Hex       16%        N/A       26%         3

Inventory:

Hand Weapons
 a - a +1 dagger (weapon) {short}
Armour
 b - a +0 robe (worn)
Potions
 c - a potion of invisibility

Dungeon Overview and Level Annotations

Branches:
Dungeon (1/15)

Altars:

# .. ## #.## .#
#..# . .# #.##
##### # .. .#
###..#####...#?#...
##
#............#.....
#
#..#.....#........#
#
#.######.##r.###.##
######..8.....8.@.#
...r....#.....#...#
#.###...#..<..#...#
#.# ##.[#.....#..##
#.# #..8.....8..#
#r# #.##.######.#
#.# #.##... ..# #g#
#....... ..# #.#
#### ##. ####


You could see a quokka.


Message History

The ball python completely misses you. The ball python closely misses you.
You hit the ball python. The ball python barely misses you.
The ball python grabs you. The ball python constricts you.
You hit the ball python.
You kill the ball python!
You hit the rat. The rat bites you. 😕 HP[-2]
You take 2 damage, and now have 7/9 hp.
MASSIVE DAMAGE!! (PAUSE)
You barely miss the rat. The rat bites you. 😮 HP[-2]
You take 2 damage, and now have 5/9 hp.
MASSIVE DAMAGE!! (PAUSE)
You closely miss the rat. The rat closely misses you.
You hit the rat.
You kill the rat!
The dart slug launches a dart at you. The slug dart hits you.
* * * LOW HITPOINT WARNING * * *
😨 HP[-2]
You take 2 damage, and now have 3/9 hp.
MASSIVE DAMAGE!! (PAUSE)
You hit the dart slug.
The dart slug bites you but does no damage.
You hit the dart slug. The dart slug launches a dart at you.
The slug dart misses you.
You hit the dart slug. You hit the dart slug.
The dart slug completely misses you.
You hit the dart slug but do no damage. The dart slug launches a dart at you.
The slug dart hits you.
* * * LOW HITPOINT WARNING * * *
😱 HP[-2]
You take 2 damage, and now have 1/9 hp.
MASSIVE DAMAGE!! (PAUSE)
You hit the dart slug but do no damage. You hit the dart slug.
The dart slug barely misses you.
You hit the dart slug.
You kill the dart slug!
Unknown command.
You start resting. 😎 HP[+8]
Your hp is fully restored (9).
A bat comes into view.
You miss the bat. The bat hits you but does no damage.
You hit the bat. The bat closely misses you. The bat hits you. 😕 HP[-1]
You take 1 damage, and now have 8/9 hp.
You closely miss the bat. The bat barely misses you.
You closely miss the bat. The bat barely misses you.
You miss the bat. The bat misses you. The bat closely misses you.
You hit the bat.
You kill the bat!
No target in view!
You start resting. 😎 HP[+1]
Your hp is fully restored (9).
Found a stone staircase leading down.
A quokka comes into view.
A giant cockroach comes into view.
You barely miss the quokka. The quokka closely misses you.
You hit the quokka. The quokka barely misses you.
You closely miss the quokka. The quokka misses you.
The quokka barely misses you.
You completely miss the quokka. The quokka misses you.
You closely miss the quokka. The quokka misses you.
You hit the quokka but do no damage. The quokka misses you.
You hit the quokka. The quokka misses you.
You hit the quokka.
You kill the quokka!
A quokka comes into view.
A hobgoblin comes into view.
You hit the quokka but do no damage. The quokka misses you.
You barely miss the quokka. The quokka bites you. 😕 HP[-1]
You take 1 damage, and now have 8/9 hp.
You hit the quokka. The quokka misses you. The quokka barely misses you.
You hit the quokka but do no damage. The quokka barely misses you.
You closely miss the quokka. The quokka closely misses you.
You closely miss the quokka. The quokka barely misses you.
You closely miss the quokka. The quokka bites you.
Ouch! That really hurt!
* * * LOW HITPOINT WARNING * * *
😨 HP[-5]
You take 5 damage, and now have 3/9 hp.
MASSIVE DAMAGE!! (PAUSE)
The quokka closely misses you. 😨 HP[+1]
Found a stone staircase leading down.
The quokka bites you.
* * * LOW HITPOINT WARNING * * *
😱 HP[-3]
You take 3 damage, and now have 1/9 hp.
MASSIVE DAMAGE!! (PAUSE)
You hit the quokka but do no damage. The quokka misses you.
You barely miss the quokka. The quokka closely misses you.
You closely miss the quokka. The quokka bites you.
You die...

Action                   || total
-------------------------++-------
Melee: Dagger            ||    38
Armor: Robe              ||     2
Dodge: Dodged            ||    29

Levels and vault maps discovered:
D:1:      scummos_arrival_simple_crosswalls, layout_loops_ring,
          chequers_big_river, minmay_misc_feat_chi

Notes
Turn   | Place    | Note
-------+----------+-------------------------------------------
     0 | D:1      | Sanktem7 the Spriggan Enchanter began the quest for the
                  | Orb.
     0 | D:1      | Reached XP level 1. HP: 9/9 MP: 5/5
     0 | D:1      | magus.rc [v1.9.6]
    36 | D:1      | HP: 1/9 [dart slug/slug dart (2)]
   390 | D:1      | HP: 1/9 [quokka (3)]
   393 | D:1      | Slain by a quokka

Vanquished Creatures
  A dart slug (D:1)
  A quokka (D:1)
  A ball python (D:1)
  A bat (D:1)
  A rat (D:1)
5 creatures vanquished.

Table legend:
 A = Non-vault XP
 B = Vault XP
 C = Vault XP percentage of total XP
 D = Non-vault monster count
 E = Vault monster count
 F = Vault count percentage of total count
                 A         B        C        D         E       F
            +---------+---------+-------+---------+---------+-------
      Total |       9 |       0 |   0.0 |       5 |       0 |   0.0
            +---------+---------+-------+---------+---------+-------
        D:1 |       9 |       0 |   0.0 |       5 |       0 |   0.0
            +---------+---------+-------+---------+---------+-------

Illustrated notes

Table legend:
 A = Kills in this place as a percentage of kills in entire the game.
 B = Kills by you in this place as a percentage of kills by you in the entire game.
 C = Kills by friends in this place as a percentage of kills by friends in the entire game.
 D = Other kills in this place as a percentage of other kills in the entire game.
 E = Experience gained in this place as a percentage of experience gained in the entire game.
 F = Experience gained in this place divided by the number of levels of this place that you have seen.
                   A       B       C       D       E      F
               +-------+-------+-------+-------+-------+----------------------
         Total | 100.0 | 100.0 |   N/A |   N/A | 100.0 |   9.0
       Dungeon | 100.0 | 100.0 |   N/A |   N/A | 100.0 |   9.0
               +-------+-------+-------+-------+-------+----------------------

Table legend: (Time is in decaauts)
 A = Elapsed time spent in this place.
 B = Non-inter-level travel time spent in this place.
 C = Inter-level travel time spent in this place.
 D = Time resting spent in this place.
 E = Time spent auto-exploring this place.
 F = Levels seen in this place.
 G = Mean time per level.
                   A        B        C        D        E       F      G
               +--------+--------+--------+--------+--------+-----+--------+
         Total |    351 |    351 |      0 |    258 |      0 |   1 |  351.0 |
       Dungeon |    351 |    351 |      0 |    258 |      0 |   1 |  351.0 |
               +--------+--------+--------+--------+--------+-----+--------+

Top non-repeatable levels by time:
     D:1: 351 daAuts
